 Dungeon Crawl Stone Soup version 0.26-a0-778-g3fe0686644 (webtiles) character file.

Game seed: 13458256909239698885

37 strifetoe the Chopper (level 3, -2/31 HPs)
             Began as a Hill Orc Fighter on Nov 11, 2020.
             Slain by a hound (5 damage)
             ... on level 5 of the Dungeon.
             The game lasted 00:02:50 (997 turns).

strifetoe the Chopper (Hill Orc Fighter)             Turns: 997, Time: 00:02:50

Health: -2/31      AC:  6    Str: 19    XL:     3   Next: 41%
Magic:  3/3        EV:  7    Int:  8    God:
Gold:   34         SH:  9    Dex: 10    Spells: 2/2 levels left

rFire    . . .     SeeInvis .   a - +0 war axe
rCold    . . .     Faith    .   c - +0 kite shield
rNeg     . . .     Spirit   .   b - +0 scale mail
rPois    +         Reflect  .   (no helmet)
rElec    .         Harm     .   (no cloak)
rCorr    .         Rampage  .   (no gloves)
MR       .....                  (no boots)
Stlth    ..........             (no amulet)
HPRegen  0.10/turn              f - ring of poison resistance
MPRegen  0.08/turn              (no ring)

@: no status effects
A: no striking features
a: no special abilities


You were on level 5 of the Dungeon.
You visited 1 branch of the dungeon, and saw 5 of its levels.

You collected 34 gold pieces.

Inventory:

Hand Weapons
 a - a +0 war axe (weapon)
Armour
 b - a +0 scale mail (worn)
 c - a +0 kite shield (worn)
 h - a +0 cloak of poison resistance
Jewellery
 f - a ring of poison resistance (left hand)
 g - a cursed ring of teleportation {unknown}
Potions
 d - a potion of might


   Skills:
 - Level 3.6 Fighting
 + Level 5.0 Axes
 - Level 3.2 Armour
 - Level 3.2 Shields


You had 2 spell levels left.
You didn't know any spells.
Your spell library was empty.

Dungeon Overview and Level Annotations

Branches:
Dungeon (5/15)
 Temple: D:4-7

Altars:

Annotations:
D:5 Eustachio


Message History

An ogre comes into view. It is wielding a +0 giant club.
You hear the slow rusting of a very distant drain.
Eustachio gestures wildly while chanting.
Eustachio blinks!
The phantom blinks!
The phantom hits you.
* * * LOW HITPOINT WARNING * * *
The phantom blinks!
The hound bites you but does no damage.
Unknown command.
The hound closely misses you. You block the hound's attack.
You block the phantom's attack.
A scorpion comes into view.
The phantom hits you.
* * * LOW HITPOINT WARNING * * *
The hound bites you but does no damage.
The phantom blinks!
The sentinel's mark upon you fades away.
The hound bites you.
You die...

#.....####..........###..
####.@.# #.........# #..
##..####......... #.#
#$............... #..#
#..#.Z.#$###.#.$ $..
####OJ#####.(# .## ..
#......W.# ### #.hs....##
##@.....# #........
........# .........#
##......... #.##...... ..
#..... .# #..).


You could see Eustachio, a phantom, an ogre, a scorpion, a hound, an ooze and a
worker ant zombie.

Vanquished Creatures
  An adder (D:3)
  3 worms
  A dart slug (D:3)
  2 orcs (D:3)
  A giant cockroach (D:1)
  A hobgoblin (D:1)
  A bat (D:1)
  2 frilled lizards
  A goblin (D:3)
  6 kobolds
19 creatures vanquished.

Vanquished Creatures (others)
  5 plants (D:1)
5 creatures vanquished.

Grand Total: 24 creatures vanquished

Notes
Turn   | Place    | Note
-------+----------+-------------------------------------------
     0 | D:1      | strifetoe the Hill Orc Fighter began the quest for the Orb.
     0 | D:1      | Reached XP level 1. HP: 19/19 MP: 1/1
    26 | D:1      | Reached skill level 3 in Axes
   369 | D:2      | Reached XP level 2. HP: 14/26 MP: 2/2
   533 | D:2      | Reached skill level 4 in Axes
   585 | D:3      | Reached XP level 3. HP: 9/31 MP: 3/3
   590 | D:4      | Noticed an ogre
   857 | D:3      | Reached skill level 5 in Axes
   937 | D:5      | Entered Level 5 of the Dungeon
   937 | D:5      | Noticed an ogre
   956 | D:5      | Noticed a phantom
   962 | D:5      | Noticed Eustachio
   985 | D:5      | Noticed an ogre
   994 | D:5      | Noticed a scorpion
   997 | D:5      | Slain by a hound

Illustrated notes

Levels and vault maps discovered:
D:1:      eino_arrival_druids_welcome, layout_rooms,
          hangedman_abyss_or_decor_stabs, roderic_lattice_a,
          serial_bayou_pond_a, minmay_hedge_maze
D:2:      layout_basic, tgw_trog, uniq_crazy_yiuf_cottage
D:3:      layout_rooms, nrook_campfire, nemelex_diamond_rough_becter
D:4:      layout_cave_pools, uniq_blork_the_orc, uniq_edmund
D:5:      layout_cave_pools, gup_sewer_entry_bubbles, hangedman_decor_opposing,
          corexii_checkpoint_a, lemuel_statue_altar, uniq_eustachio

Skill      XL: |  1  2  3 |
---------------+----------+-----
Axes           | 3 4 5 |  5.0
Fighting       | |  3.6
Armour         | |  3.2
Shields        | |  3.2

Action                   || total
-------------------------++-------
Melee: War axe           ||    68
  Use: Scroll            ||     1
Armor: Scale mail        ||    31
Dodge: Dodged            ||    26
Block: Kite shield       ||    49

Table legend: (Time is in decaauts)
 A = Elapsed time spent in this place.
 B = Non-inter-level travel time spent in this place.
 C = Inter-level travel time spent in this place.
 D = Time resting spent in this place.
 E = Time spent auto-exploring this place.
 F = Levels seen in this place.
 G = Mean time per level.
                   A        B        C        D        E       F      G
               +--------+--------+--------+--------+--------+-----+--------+
         Total |   1023 |   1023 |      0 |    492 |    162 |   5 |  204.6 |
       Dungeon |   1023 |   1023 |      0 |    492 |    162 |   5 |  204.6 |
               +--------+--------+--------+--------+--------+-----+--------+

Top non-repeatable levels by time:
     D:1: 368 daAuts
     D:3: 345 daAuts
     D:2: 186 daAuts
     D:4: 61 daAuts
     D:5: 60 daAuts
